Map: Newkirk Precinct TE (Void)

Players

Namshar - Winner!

  • Race: Zerg Zerg
  • Spawn Location: 7:00

SirRobin

  • Race: Zerg Zerg
  • Spawn Location: 5:00

Event: WCS Austin 2017

VOD

Have the link to the VOD?

Description

Time

  • Played on: April 28, 2017, 4:50 p.m.
  • Length: 5:38

All games in this series

Show
View Real Time Build Order
Export as new Build Order

Namshar Zerg - Winner!

Build Orders: Pool First, Zergling Baneling 

Get SALT Encoding   

  12  0:00  Drone  
  13  0:13  Overlord  
  13  0:18  Drone  
  14  0:33  Drone x2  
  14  0:35  Drone  
  17  0:45  Extractor  
  17  0:48  Drone  
  17  0:52  Spawning Pool  
  17  0:56  Drone  
  17  1:07  Drone  
  18  1:21  Hatchery  
  18  1:24  Drone  
  18  1:38  Queen  
  20  1:45  Metabolic Boost  
  20  1:48  Zergling x2  
  20  1:50  Drone  
  22  1:57  Overlord  
  22  2:10  Baneling Nest  
  22  2:11  Drone  
  22  2:16  Queen  
  24  2:24  Drone  
  24  2:25  Drone  
  26  2:34  Drone x2  
  28  2:46  Zergling x4  
  28  2:47  Zergling x6  
  33  2:56  Overlord  
  33  3:00  Drone  
  34  3:09  Drone  
  34  3:10  Drone  
  34  3:12  Baneling x2  
  36  3:20  Drone  
  36  3:21  Drone x3  
  36  3:22  Overlord  
  36  3:24  Baneling x2  
  40  3:37  Baneling x2  
  37  3:48  Zergling x2  
  37  3:49  Zergling x8  
  37  3:55  Zergling x6  
  41  3:56  Zergling x2  
  41  3:57  Hatchery  
  41  4:01  Zergling x6  
  45  4:05  Drone  
  45  4:08  Overlord  
  46  4:11  Baneling x2  
  46  4:13  Zergling x2  
  47  4:19  Overlord  
  47  4:29  Zergling x6  
  47  4:30  Zergling x6  
  51  4:37  Baneling x2  
  50  4:40  Zergling x6  
  50  4:44  Zergling x2  
  53  4:47  Zergling x2  
  49  5:00  Zergling x8  
  49  5:05  Zergling x2  
  50  5:11  Baneling x2  
  50  5:15  Baneling x2  
  50  5:16  Baneling x2  
  50  5:19  Zergling x6  
Show
View Real Time Build Order
Export as new Build Order

SirRobin Zerg 

Build Orders: Hatch First 

Get SALT Encoding   

  12  0:00  Drone  
  13  0:08  Drone  
  14  0:18  Overlord  
  14  0:22  Extractor  
  14  0:24  Drone  
  15  0:36  Drone x2  
  17  0:54  Hatchery  
  17  0:56  Drone  
  17  0:59  Drone  
  18  1:14  Spawning Pool  
  18  1:15  Extractor  
  16  1:18  Drone  
  16  1:21  Drone  
  18  1:27  Drone  
  19  1:38  Overlord  
  19  1:49  Drone  
  20  2:00  Queen  
  22  2:01  Drone  
  22  2:06  Queen, Zergling x2  
  26  2:10  Drone  
  26  2:15  Metabolic Boost  
  27  2:17  Drone  
  27  2:20  Drone  
  29  2:32  Drone x2  
  31  2:42  Hatchery  
  30  2:47  Drone  
  30  2:49  Drone x2  
  33  2:54  Overlord  
  33  3:03  Drone x2  
  35  3:09  Queen, Extractor  
  35  3:11  Overlord  
  37  3:15  Zergling x4  
  38  3:22  Zergling x6  
  41  3:28  Zergling x4  
  41  3:29  Zergling x2  
  33  3:55  Drone  
  31  3:56  Drone x8  
  39  4:05  Drone  
  39  4:06  Baneling Nest  
  39  4:07  Drone  
  40  4:12  Drone  
  40  4:15  Zergling x4  
  43  4:21  Zergling x4  
  45  4:24  Zergling x2  
  45  4:34  Zergling x10  
  47  4:44  Zergling x10  
  47  4:45  Zergling x2  
  50  4:49  Zergling x4  
  39  5:04  Drone  
  39  5:05  Drone x2  
  39  5:10  Baneling x2  
  39  5:13  Zergling x4  
  39  5:14  Zergling x6  
Tags
 
Add a new tag
Caveats
  • Supply blocks, unpowered buildings, or Contaminate may cause inaccurate times.
  • Supply counts are checked every 10 seconds.